 Dungeon Crawl Stone Soup version 0.28.0-47-ge53b351184 (webtiles) character file.

Game seed: 7897356922156120259

217 101zpm the Magician (level 6, -1/40 HPs)
             Began as a Djinni Fire Elementalist on May 8, 2022.
             Slain by an iguana (11 damage)
             ... on level 4 of the Dungeon.
             The game lasted 00:04:11 (4120 turns).

101zpm the Magician (Djinni Fire Elementalist)      Turns: 4120, Time: 00:04:11

Health: -1/40      AC:  2    Str:  7    XL:     6   Next: 16%
Gold:   62         EV: 12    Int: 18    God:
                   SH:  0    Dex: 14

rFire   + + .      SeeInvis .   (no weapon)
rCold   x . .      Faith    .   (no shield)
rNeg    . . .      Spirit   .   a - +0 robe
rPois   ∞          Reflect  .   (no helmet)
rElec   .          Harm     .   (no cloak)
rCorr   .          Rampage  .   (no gloves)
Will    .....                   (boots unavailable)
Stlth   ++........              (no amulet)
HPRegen 0.13/turn               (no ring)
MPRegen 0.00/turn               (no ring)

@: flying, very slightly contaminated
A: sickness immunity, fire resistance 2, cold vulnerability 1, float, innate
caster, HP casting, extra vitality 1
a: no special abilities


You were on level 4 of the Dungeon.
You visited 1 branch of the dungeon, and saw 4 of its levels.

You collected 62 gold pieces.

Inventory:

Armour
 a - a +0 robe (worn)
 h - an orb of guile
Scrolls
 b - 2 scrolls of fog {unknown}
 c - a scroll of enchant weapon {unknown}
 d - 2 scrolls of identify {unknown}
 e - 2 scrolls of noise {unknown}
 g - a scroll of holy word {unknown}
 i - 2 scrolls of teleportation {unknown}
Potions
 f - a potion of curing {unknown}
 j - a potion of flight {unknown}


   Skills:
 + Level 2.4 Dodging
 + Level 2.2 Stealth
 + Level 4.6 Spellcasting


You couldn't memorise any spells.
You knew the following spells:

 Your Spells              Type           Power      Damage    Failure   Level
a - Foxfire               Conj/Fire      84%        2x1d8     1%          1
b - Scorch                Fire           42%        2d7       3%          2
c - Conjure Flame         Conj/Fire      21%        6-21      6%          3
d - Inner Flame           Hex/Fire       21%        N/A       6%          3
e - Flame Wave            Conj/Fire      21%        2d7       21%         4
f - Sandblast             Erth           42%        2d11      1%          1
g - Searing Ray           Conj           42%        2d6       3%          2
Your spell library was empty.

Dungeon Overview and Level Annotations

Branches:
Dungeon (4/15)
 Temple: D:4-7

Altars:
Yredelemnul

Shops:
D:1 =


Innate Abilities, Weirdness & Mutations

You are immune to sickness and miasma.
You are immune to poison.
Your flesh is very heat resistant. (rF++)
You are vulnerable to cold. (rC-)
You float through the air rather than walking.
You learn spells naturally, not from books.
Your magical power is your life essence.
You have superior vitality. (+4 MHP)


Message History

Confirm with . or Enter, or press ? or * to list all spells.
The spell is quite dangerous to miscast (21% risk of failure)!
Continue anyway?
Casting: Flame Wave (quite dangerous; 21% risk of failure)
Press: ? - help, Dir - look around, f - activate A wave of flame ripples out!
The flame wave engulfs the orc!
You kill the orc!
The flame wave engulfs the orc.
You kill the orc!
The flame wave engulfs the giant cockroach!
You kill the giant cockroach!
The flame wave engulfs your foxfire.
Your foxfire completely resists.
The flame wave engulfs the orc wizard!
The orc wizard is almost dead. (Press . to intensify the flame waves.)
You hear a shout!
The foxfire hits the iguana.
The iguana is lightly wounded.
The orc wizard points at you and mumbles some strange words.
The puff of flame hits you. You resist.
Casting: Flame Wave (quite dangerous; 21% risk of failure)
Confirm with . or Enter, or press ? or * to list all spells.
The spell is quite dangerous to miscast (21% risk of failure)!
Continue anyway?
Restarting spell: Flame Wave (quite dangerous; 21% risk of failure)
Press: ? - help, Dir - look around, f - activate You miscast Flame Wave.
You are very lightly contaminated with residual magic.
Nothing appears to happen.
The orc wizard hits you but does no damage.
The iguana misses you.
Casting: Flame Wave (quite dangerous; 21% risk of failure)
Confirm with . or Enter, or press ? or * to list all spells.
Flames lash the iguana.
The iguana is heavily wounded.
The iguana's fire resistance burns away.
The orc wizard points at you and mumbles some strange words.
The magic dart hits you.
* * * LOW HITPOINT WARNING * * *
The iguana bites you!
You die...

#.#.#### .v.. #######
#.#....# .... ......##
#.#.##.# .)..B .......#####
#.#.##.# ....#
...........###.#.##.##....#
.................#.......!#
.................#........#
............###).#........#
...............)@l........#
#.####.....######o####....#
#.# #######......# #####
#.# #.###### #.# #.# ..#
###


You could see an iguana (combustible) and an orc wizard.

Vanquished Creatures
  3 hounds
  Jessica (D:2)
  4 adders
  A shadow imp (D:3)
  2 worms (D:3)
  3 orcs (D:4)
  5 bats
  3 endoplasms
  3 giant cockroaches
  A goblin (D:2)
  6 hobgoblins
  6 ball pythons
  5 frilled lizards
  3 kobolds
  7 rats
53 creatures vanquished.

Vanquished Creatures (collateral kills)
  5 foxfires (D:1)
5 creatures vanquished.

Vanquished Creatures (others)
  295 foxfires
295 creatures vanquished.

Grand Total: 353 creatures vanquished

Notes
Turn   | Place    | Note
-------+----------+-------------------------------------------
     0 | D:1      | 101zpm the Djinni Fire Elementalist began the quest for the
                  | Orb.
     0 | D:1      | Reached XP level 1. HP: 15/15 MP: 0/0
    45 | D:1      | Found Vosoffef's Jewellery Shoppe.
   675 | D:1      | Reached XP level 2. HP: 3/21 MP: 0/0
  1338 | D:1      | Found a faded altar of an unknown god.
  2129 | D:2      | Noticed Jessica
  2136 | D:2      | Killed Jessica
  2137 | D:2      | Reached skill level 3 in Spellcasting
  2137 | D:2      | Reached XP level 3. HP: 18/25 MP: 0/0
  2137 | D:2      | Learned a level 1 spell: Sandblast
  2262 | D:2      | Reached XP level 4. HP: 17/31 MP: 0/0
  2541 | D:4      | Reached XP level 5. HP: 21/35 MP: 0/0
  2541 | D:4      | Learned a level 2 spell: Searing Ray
  2545 | D:3      | Reached skill level 4 in Spellcasting
  3144 | D:3      | Found a basalt altar of Yredelemnul.
  3741 | D:3      | Reached XP level 6. HP: 26/40 MP: 0/0
  4120 | D:4      | Slain by an iguana

Illustrated notes

Levels and vault maps discovered:
D:1:      dpeg_arrival_rhombi, layout_loops_ring, serial_shops, shop,
          dreamdust_ecumenical_altar_hidden_monk_grotto, lemuel_flame_loot_1
D:2:      layout_basic, basic_altar, uniq_jessica
D:3:      minmay_chambers_of_twos, layout_basic, nicolae_overflow_hidden_temple,
          wad_floor_pattern_2
D:4:      layout_basic, minmay_temple_entry_gardened_gates

Skill      XL: |  1  2  3  4  5 |
---------------+----------------+-----
Stealth        | 2 |  2.2
Spellcasting   | 3 4 |  4.6
Dodging        | |  2.4

Action                   |  1- 3 |  4- 6 || total
-------------------------+-------+-------++-------
Melee: Unarmed           |     4 |       ||     4
 Cast: Foxfire           |    91 |    98 ||   189
       Scorch            |     1 |    10 ||    11
       Flame Wave        |       |     1 ||     1
Armor: Robe              |     1 |     6 ||     7
Dodge: Dodged            |     6 |     9 ||    15
